Map: Emerald City LE

Players

mairaki

  • Race: Zerg Zerg
  • League: Diamond
  • Spawn Location: 11:00

Frantastic

  • Race: Protoss Protoss
  • League: Platinum
  • Spawn Location: 11:00

Massa - Winner!

  • Race: Terran Terran
  • League: Platinum
  • Spawn Location: 5:00

qqq - Winner!

  • Race: Protoss Protoss
  • League: Platinum
  • Spawn Location: 5:00

VOD

Have the link to the VOD?

Description

Time

  • Played on: Dec. 14, 2020, 12:16 p.m.
  • Length: 14:39
Show
View Real Time Build Order
Export as new Build Order

mairaki Zerg 

Build Orders: Hatch First, Roach Nydus 

Get SALT Encoding   

  12  0:01  Drone  
  13  0:12  Overlord  
  13  0:17  Drone  
  14  0:31  Drone  
  14  0:32  Drone  
  14  0:35  Drone  
  17  0:46  Drone  
  18  0:58  Hatchery  
  18  1:03  Drone  
  18  1:06  Extractor  
  17  1:16  Spawning Pool  
  16  1:20  Drone  
  16  1:22  Drone  
  18  1:35  Drone  
  20  1:47  Drone  
  20  1:57  Drone  
  22  2:11  Overlord  
  22  2:29  Queen  
  24  2:31  Zergling x4  
  24  2:33  Zergling x2  
  27  2:37  Roach Warren  
  27  2:43  Zergling x2  
  27  2:49  Extractor  
  26  2:54  Zergling x2  
  29  3:07  Overlord  
  25  3:20  Lair  
  25  3:21  Roach  
  27  3:27  Roach  
  29  3:39  Roach  
  31  3:45  Spore Crawler  
  31  3:46  Roach  
  31  3:47  Roach  
  31  3:48  Roach  
  36  3:52  Overlord  
  36  4:10  Roach  
  36  4:11  Roach  
  36  4:16  Roach x2  
  44  4:23  Nydus Network  
  43  4:37  Roach  
  45  4:41  Spore Crawler  
  42  4:55  Roach x2  
  45  5:02  Nydus Canal  
  45  5:03  Drone  
  46  5:35  Hatchery  
  45  5:50  Nydus Canal  
  41  6:16  Drone x4  
  41  6:17  Drone  
  46  6:20  Overlord  
  46  6:23  Overlord  
  46  6:31  Roach x7  
  46  6:45  Ravager x7  
  53  6:48  Drone x3  
  53  6:52  Drone  
  53  6:53  Drone  
  53  6:54  Drone  
  48  7:03  Hydralisk Den  
  48  7:04  Drone  
  48  7:08  Queen  
  48  7:13  Drone  
  51  7:17  Drone  
  51  7:20  Drone  
  53  7:25  Drone  
  53  7:26  Drone  
  53  7:28  Drone  
  56  7:31  Drone  
  56  7:33  Drone  
  58  7:39  Drone x2  
  60  7:44  Infestation Pit  
  60  7:45  Drone  
  60  7:52  Overlord x2  
  60  7:56  Pneumatized Carapace  
  60  8:00  Extractor  
  60  8:02  Extractor  
  60  8:04  Drone  
  60  8:05  Drone  
  60  8:12  Drone x3  
  63  8:13  Drone  
  63  8:15  Drone  
  63  8:17  Hydralisk x2  
  69  8:21  Hydralisk  
  69  8:24  Hydralisk  
  73  8:29  Infestor  
  75  8:40  Infestor  
  75  8:45  Roach  
  75  8:46  Roach  
  75  8:52  Overlord x2  
  75  8:53  Overlord  
  73  9:10  Hydralisk x3  
  73  9:14  Hydralisk  
  75  9:24  Drone  
  75  9:25  Drone x2  
  75  9:26  Drone  
  79  9:31  Queen  
  79  9:32  Evolution Chamber x2  
  79  9:37  Queen  
  81  10:00  Hatchery  
  81  10:04  Zerg Missile Weapons Level 1  
  80  10:08  Zerg Ground Armor Level 1  
  80  10:14  Infestor  
  80  10:15  Infestor  
  80  10:19  Infestor  
  86  10:23  Hatchery  
  86  10:26  Overlord  
  86  10:27  Overlord  
  85  10:40  Hydralisk x3  
  91  10:44  Overseer  
  91  10:52  Neural Parasite  
  91  11:01  Drone  
  91  11:02  Drone x7  
  99  11:07  Evolution Chamber  
  99  11:10  Spine Crawler  
  98  11:12  Spine Crawler  
  98  11:17  Drone  
  98  11:18  Drone x3  
  101  11:27  Infestor  
  101  11:29  Spore Crawler  
  101  11:30  Infestor  
  104  11:40  Queen  
  104  11:45  Queen  
  108  11:50  Spore Crawler  
  107  11:55  Drone  
  107  11:56  Drone  
  107  11:58  Drone x2  
  107  11:59  Spine Crawler  
  107  12:00  Drone, Spine Crawler  
  107  12:01  Drone  
  111  12:04  Zerg Missile Weapons Level 2  
  111  12:10  Zerg Ground Armor Level 2  
  111  12:18  Hive  
  111  12:21  Glial Reconstitution  
  111  12:23  Grooved Spines  
  111  12:27  Extractor  
  111  12:28  Extractor, Drone x3  
  111  12:29  Drone  
  113  12:30  Drone  
  113  12:31  Drone  
  115  12:52  Overlord x2  
  115  12:53  Overlord x3  
  115  13:00  Spore Crawler x2  
  115  13:01  Spore Crawler  
  115  13:02  Spore Crawler x2  
  110  13:05  Drone  
  110  13:06  Drone  
  110  13:08  Overlord  
  112  13:14  Hydralisk x5  
  112  13:15  Hydralisk  
  124  13:20  Drone x3  
  124  13:22  Infestor  
  124  13:23  Infestor  
  131  13:27  Extractor, Infestor  
  131  13:28  Extractor  
  131  13:30  Drone x2  
  131  13:31  Drone  
  131  13:33  Drone  
  135  13:34  Drone  
  135  13:36  Drone  
  123  13:49  Hydralisk x4  
  123  13:51  Hydralisk x2  
  106  13:56  Hydralisk  
  106  13:57  Hydralisk  
  106  14:00  Hydralisk  
  112  14:04  Hydralisk  
  112  14:09  Hydralisk x2  
  111  14:12  Hydralisk  
  111  14:13  Hydralisk  
Show
View Real Time Build Order
Export as new Build Order

Frantastic Protoss 

Build Orders:  

Get SALT Encoding   

  12  0:01  Probe  
  13  0:14  Probe  
  14  0:19  Pylon  
  14  0:26  Probe  
  15  0:38  Probe (Chrono Boost)  
  16  0:44  Gateway  
  16  0:49  Probe (Chrono Boost)  
  17  0:52  Assimilator  
  17  1:00  Probe  
  17  1:01  Pylon  
  18  1:12  Probe  
  19  1:21  Gateway  
  19  1:41  Pylon  
  19  1:45  Pylon  
  19  1:56  Cybernetics Core  
  19  2:13  Assimilator  
  19  2:21  Probe  
  20  2:32  Stalker (Chrono Boost)  
  20  2:33  Probe  
  20  2:36  Stalker (Chrono Boost)  
  25  2:45  Probe  
  25  3:02  Stalker  
  25  3:03  Stalker  
  29  3:29  Stargate  
  29  3:30  Pylon  
  29  3:48  Stalker  
  29  3:49  Stalker  
  33  4:00  Shield Battery  
  33  4:03  Pylon  
  33  4:10  Oracle (Chrono Boost)  
  36  4:22  Warp Gate (Chrono Boost)  
  36  4:47  Nexus  
  32  5:12  Phoenix  
  27  5:44  Probe (Chrono Boost)  
  28  5:54  Probe (Chrono Boost)  
  29  5:59  Probe (Chrono Boost)  
  30  6:09  Probe  
  30  6:10  Probe  
  32  6:22  Probe  
  33  6:31  Void Ray  
  33  6:34  Probe, Sentry  
  33  6:35  Sentry  
  38  6:42  Pylon  
  38  6:46  Pylon  
  42  6:52  Probe (Chrono Boost)  
  44  7:01  Probe (Chrono Boost)  
  44  7:10  Probe (Chrono Boost)  
  46  7:18  Probe (Chrono Boost), Stalker  
  46  7:20  Probe (Chrono Boost)  
  49  7:25  Probe x2 (Chrono Boost)  
  51  7:36  Probe (Chrono Boost)  
  52  7:38  Void Ray  
  52  7:47  Probe (Chrono Boost), Assimilator  
  57  7:51  Shield Battery, Assimilator  
  57  7:52  Probe (Chrono Boost)  
  57  7:53  Shield Battery  
  58  8:03  Probe (Chrono Boost)  
  58  8:04  Probe (Chrono Boost)  
  60  8:14  Stalker x2, Protoss Air Weapons Level 1  
  60  8:15  Probe (Chrono Boost)  
  66  8:20  Probe (Chrono Boost)  
  66  8:22  Probe (Chrono Boost)  
  66  8:26  Probe  
  68  8:30  Probe  
  69  8:39  Probe  
  68  8:52  Stalker x2  
  68  8:53  Void Ray (Chrono Boost)  
  76  9:09  Gateway  
  72  9:11  Gateway  
  72  9:13  Twilight Council  
  72  9:21  Stalker x2  
  72  9:22  Void Ray (Chrono Boost)  
  76  9:29  Pylon  
  80  9:39  Pylon  
  80  9:42  Shield Battery  
  80  9:49  Void Ray (Chrono Boost), Fleet Beacon  
  80  9:56  Blink  
  84  10:06  Stalker x2  
  88  10:09  Stalker  
  90  10:19  Void Ray (Chrono Boost)  
  94  10:38  Nexus  
  94  10:40  Assimilator  
  94  10:44  Assimilator  
  94  10:47  Pylon  
  94  10:48  Pylon  
  94  10:51  Pylon  
  94  10:52  Void Ray  
  98  11:08  Sentry  
  98  11:10  Sentry x2  
  104  11:17  Stalker  
  106  11:25  Probe x2  
  107  11:31  Void Ray (Chrono Boost)  
  108  11:36  Shield Battery  
  108  11:37  Probe, Shield Battery  
  108  11:38  Probe  
  114  11:47  Protoss Air Weapons Level 2 (Chrono Boost)  
  114  11:49  Probe  
  114  11:50  Probe  
  116  12:01  Probe  
  117  12:12  Probe  
  118  12:18  Stalker x3  
  118  12:19  Stalker  
  126  12:25  Probe  
  127  12:37  Probe  
  104  12:45  Flux Vanes  
  104  12:49  Probe  
  105  13:01  Probe (Chrono Boost)  
  105  13:02  Void Ray  
  105  13:04  Stalker  
  105  13:05  Stalker x3  
  114  13:11  Probe (Chrono Boost)  
  119  13:16  Probe (Chrono Boost), Stargate  
  119  13:17  Stargate  
  119  13:19  Pylon  
  120  13:21  Pylon  
  120  13:23  Cybernetics Core  
  120  13:24  Forge  
  120  13:29  Pylon  
  120  13:32  Pylon, Stalker x4  
  68  14:12  Stalker x2  
  68  14:13  Stalker x2  
Show
View Real Time Build Order
Export as new Build Order

Massa Terran - Winner!

Build Orders: 1/1/1, Liberator Opening 

Get SALT Encoding   

  12  0:00  SCV  
  13  0:12  SCV  
  14  0:24  Supply Depot  
  14  0:25  SCV  
  15  0:31  Refinery  
  15  0:46  SCV  
  15  0:48  Barracks  
  16  0:56  Refinery  
  16  0:58  SCV  
  17  1:10  SCV  
  18  1:22  SCV  
  18  1:24  Supply Depot  
  19  1:35  Factory  
  19  1:38  Reaper  
  20  1:48  Orbital Command  
  20  2:15  SCV  
  21  2:20  Starport  
  21  2:21  Factory Reactor  
  21  2:24  Reaper  
  23  2:30  SCV  
  23  2:34  Engineering Bay  
  23  2:42  SCV  
  24  3:17  SCV  
  25  3:29  SCV  
  25  3:30  Factory Tech Lab, Liberator, Command Center  
  29  3:36  Supply Depot  
  29  3:39  Liberator  
  32  3:42  SCV  
  32  3:45  Supply Depot  
  32  4:08  Siege Tank  
  32  4:09  Marine  
  35  4:22  Barracks  
  35  4:25  Barracks  
  35  4:27  Marine  
  36  4:33  Liberator  
  39  4:45  Marine  
  38  4:47  Orbital Command  
  35  5:04  Marine  
  35  5:06  Widow Mine  
  37  5:10  Medivac  
  39  5:22  Marine  
  39  5:24  Marine x2  
  41  5:39  Marine  
  41  5:42  Marine x2  
  40  5:57  Marine  
  40  6:00  Marine  
  42  6:13  Marine  
  42  6:15  Marine  
  42  6:18  Marine  
  45  6:24  Orbital Command  
  45  6:26  Refinery, Siege Tank  
  45  6:27  Medivac  
  45  6:31  Marine  
  51  6:33  Marine  
  51  6:37  Barracks Tech Lab  
  51  6:49  Marine  
  51  6:51  Marine  
  52  7:12  SCV  
  52  7:13  SCV  
  54  7:22  Refinery  
  54  7:34  Barracks Reactor  
  54  7:59  Terran Infantry Weapons Level 1  
  54  8:16  Supply Depot  
  54  8:18  Supply Depot  
  54  8:20  Supply Depot x3  
  54  8:38  Widow Mine, SCV x2, Marine x4  
  62  8:41  Supply Depot  
  62  8:44  Supply Depot  
  62  8:45  Supply Depot  
  62  8:46  Supply Depot  
  62  8:50  SCV x2  
  64  8:55  Marine x3  
  64  8:56  Marine  
  64  9:02  SCV x2  
  64  9:13  Marine x4  
  64  9:14  SCV x2  
  57  9:21  Medivac x2  
  58  9:25  Siege Tank  
  61  9:31  Marine x4  
  61  9:32  Missile Turret  
  61  9:35  Missile Turret  
  65  9:38  Refinery  
  65  9:42  Refinery  
  65  9:45  Missile Turret  
  65  9:50  Marauder  
  65  9:52  Command Center  
  68  9:54  Stimpack  
  68  9:56  Barracks Tech Lab  
  67  10:00  Medivac  
  67  10:02  Marine x2  
  67  10:05  SCV x2  
  67  10:06  Missile Turret  
  73  10:10  Marine  
  74  10:17  SCV x2  
  74  10:20  Terran Infantry Armor Level 1, Marine x2  
  78  10:24  Armory  
  78  10:27  Missile Turret  
  78  10:28  Marine  
  78  10:29  SCV x2  
  81  10:37  Command Center  
  81  10:38  Marine x2  
  81  10:41  SCV x2  
  85  10:46  Combat Shield  
  85  10:51  Marauder x2  
  85  10:53  SCV  
  85  10:56  Marine x2  
  92  11:08  Barracks  
  92  11:09  Barracks  
  92  11:12  Marauder  
  92  11:13  Marauder, Marine  
  92  11:14  Engineering Bay, Marine  
  101  11:18  Siege Tank  
  101  11:24  SCV x2  
  104  11:31  Marine x2  
  105  11:33  Marine x2  
  105  11:34  Concussive Shells  
  105  11:36  SCV  
  105  11:38  SCV  
  109  11:45  Missile Turret  
  109  11:48  SCV  
  109  11:49  Marine x2  
  109  11:50  Medivac, Siege Tank  
  109  11:51  Marine x2  
  109  11:52  Medivac  
  121  12:01  Planetary Fortress  
  121  12:02  SCV x2  
  121  12:05  Missile Turret  
  121  12:07  Marine x2  
  125  12:09  Marauder, Marine  
  125  12:10  Terran Infantry Weapons Level 2  
  125  12:14  Terran Infantry Armor Level 2, SCV x2  
  130  12:24  Missile Turret  
  130  12:26  Refinery  
  130  12:28  Marauder, Marine x3  
  136  12:31  Barracks Reactor  
  136  12:36  Refinery  
  137  12:44  SCV x2  
  137  12:45  SCV  
  137  12:46  Marine  
  137  12:48  Marine  
  137  12:49  Marauder  
  145  12:51  Marauder  
  145  12:55  Barracks Tech Lab  
  145  12:56  SCV x2  
  146  12:59  SCV  
  147  13:06  Ghost Academy  
  147  13:08  SCV  
  147  13:09  SCV  
  147  13:12  SCV  
  150  13:20  Marauder x3  
  156  13:29  Supply Depot x2  
  156  13:36  Supply Depot  
  156  13:37  Marine  
  156  13:49  Marine  
  156  13:50  SCV, Marine x2  
  156  13:51  Marauder x2  
  156  13:54  Supply Depot  
  156  13:55  Marine  
  155  13:56  Supply Depot  
  155  14:02  Marauder, Supply Depot  
  133  14:06  Medivac x2  
  133  14:07  Marine x3  
  132  14:12  Marauder x2  
  135  14:20  Supply Depot  
Show
View Real Time Build Order
Export as new Build Order

qqq Protoss - Winner!

Build Orders: Cannon Rush, Carriers 

Get SALT Encoding   

  12  0:01  Probe  
  13  0:13  Probe  
  14  0:20  Pylon  
  14  0:25  Probe  
  15  0:40  Forge  
  15  0:44  Probe  
  16  0:56  Probe  
  17  1:01  Pylon  
  17  1:23  Pylon  
  17  1:24  Pylon  
  17  1:26  Pylon  
  17  1:33  Photon Cannon  
  17  1:41  Photon Cannon  
  17  1:55  Photon Cannon  
  17  1:58  Pylon  
  16  2:21  Probe  
  17  2:33  Probe  
  18  2:45  Probe, Pylon  
  19  2:57  Probe  
  20  3:02  Assimilator  
  20  3:04  Pylon  
  20  3:14  Gateway  
  20  3:21  Nexus  
  20  3:57  Probe (Chrono Boost)  
  20  3:58  Assimilator  
  21  4:04  Cybernetics Core  
  21  4:09  Probe (Chrono Boost)  
  22  4:18  Probe (Chrono Boost)  
  22  4:19  Pylon  
  22  4:23  Probe  
  23  4:27  Photon Cannon  
  23  4:28  Pylon  
  24  4:36  Probe (Chrono Boost)  
  26  4:40  Photon Cannon  
  26  4:41  Probe (Chrono Boost)  
  27  4:46  Probe (Chrono Boost)  
  27  4:48  Photon Cannon  
  27  4:50  Probe (Chrono Boost)  
  27  4:51  Probe (Chrono Boost)  
  29  5:00  Probe  
  29  5:02  Probe  
  30  5:08  Photon Cannon  
  30  5:12  Probe, Stargate  
  28  5:18  Probe  
  28  5:24  Probe  
  28  5:28  Photon Cannon  
  29  5:30  Probe  
  29  5:32  Pylon  
  30  5:37  Stargate  
  30  5:42  Probe  
  28  5:54  Assimilator  
  27  6:04  Probe  
  27  6:05  Assimilator  
  27  6:06  Probe  
  28  6:21  Photon Cannon  
  28  6:24  Assimilator  
  28  6:27  Probe (Chrono Boost)  
  28  6:31  Void Ray (Chrono Boost)  
  29  6:39  Probe (Chrono Boost)  
  34  6:45  Probe (Chrono Boost)  
  35  6:59  Probe x2  
  37  7:01  Void Ray  
  41  7:11  Probe  
  41  7:12  Probe  
  43  7:16  Phoenix  
  45  7:23  Probe  
  45  7:24  Probe  
  47  7:35  Probe  
  47  7:36  Probe  
  49  7:40  Void Ray  
  49  7:47  Probe  
  49  7:48  Probe, Phoenix  
  57  7:59  Probe  
  57  8:00  Probe  
  59  8:11  Probe  
  59  8:12  Probe  
  61  8:13  Phoenix  
  63  8:23  Phoenix  
  65  8:31  Protoss Air Weapons Level 1 (Chrono Boost)  
  65  8:37  Phoenix  
  57  8:59  Phoenix  
  59  9:02  Phoenix  
  61  9:10  Fleet Beacon  
  61  9:24  Phoenix  
  61  9:26  Nexus  
  63  9:35  Nexus  
  63  9:38  Pylon  
  63  9:41  Pylon  
  63  9:46  Phoenix  
  65  9:55  Stargate  
  65  9:57  Anion Pulse-Crystals  
  65  10:07  Photon Cannon  
  65  10:10  Photon Cannon  
  65  10:15  Photon Cannon  
  65  10:18  Carrier  
  65  10:20  Shield Battery  
  71  10:24  Phoenix  
  71  10:25  Protoss Air Armor Level 1  
  73  10:33  Pylon  
  73  10:36  Pylon  
  73  10:38  Assimilator  
  73  10:41  Assimilator  
  73  10:51  Carrier  
  79  11:03  Robotics Facility  
  79  11:05  Tempest  
  83  11:16  Probe (Chrono Boost)  
  83  11:17  Probe (Chrono Boost)  
  85  11:24  Oracle  
  90  11:26  Probe x2 (Chrono Boost)  
  90  11:31  Probe x2 (Chrono Boost)  
  92  11:42  Probe x2  
  94  11:48  Carrier, Assimilator  
  94  11:52  Assimilator  
  100  11:54  Probe x2  
  102  12:06  Probe x2, Pylon  
  102  12:08  Pylon  
  104  12:09  Photon Cannon  
  104  12:10  Tempest  
  109  12:22  Carrier  
  115  12:23  Probe  
  115  12:24  Probe  
  104  12:56  Carrier x2  
  116  13:01  Observer  
  116  13:03  Probe x2  
  119  13:15  Probe x2  
  121  13:22  Observer  
  121  13:26  Tempest  
  127  13:27  Probe x2  
  129  13:39  Probe x2  
  131  13:45  Pylon  
  131  13:47  Pylon  
  131  13:49  Pylon  
  131  13:51  Probe x2  
Tags
 
Add a new tag
Caveats
  • Supply blocks, unpowered buildings, or Contaminate may cause inaccurate times.
  • Supply counts are checked every 10 seconds.